 Dungeon Crawl Stone Soup version 0.25-a0-513-ge77a69270c (webtiles) character file.

Game seed: 4444399514773020213, levelgen mode: deterministic

4116 Error4North the Blocker (level 10, -3/86 HPs)
             Began as a Hill Orc Fighter on Feb 17, 2020.
             Slain by an orc warrior
             ... wielding a +0 scimitar
              (14 damage)
             ... on level 8 of the Dungeon.
             The game lasted 00:25:29 (8237 turns).

Error4North the Blocker (Hill Orc Fighter)          Turns: 8237, Time: 00:25:29

Health: -3/86      AC: 14    Str: 21    XL:     10   Next: 26%
Magic:  10/10      EV:  8    Int:  8    God:
Gold:   379        SH: 18    Dex: 20    Spells: 9/9 levels left

rFire    x . .     SeeInvis +   a - +0 war axe
rCold    . . .     Gourm    .   e - +0 tower shield
rNeg     . . .     Faith    .   o - +0 chain mail
rPois    .         Spirit   .   l - +0 helmet
rElec    +         Reflect  .   i - +0 cloak (curse)
rCorr    .         Harm     .   w - +0 pair of gloves (curse)
MR       .....                  (no boots)
Stlth    ..........             C - amulet of Zump {+Rage +Inv rElec rF- Dex+8}
HPRegen  0.24/turn              g - ring of see invisible
MPRegen  0.12/turn              (no ring)

@: no status effects
A: no striking features
a: Evoke Berserk Rage, Evoke Invisibility


You were on level 8 of the Dungeon.
You were not hungry.

You visited 2 branches of the dungeon, and saw 9 of its levels.
You also visited: Ossuary.

You collected 379 gold pieces.

Inventory:

Hand Weapons
 a - a +0 war axe (weapon)
Armour
 e - a +0 tower shield (worn)
 i - a cursed +0 cloak (worn)
 j - +0 steam dragon scales
 l - a +0 helmet (worn)
 o - a +0 chain mail (worn)
 w - a cursed +0 pair of gloves (worn)
Jewellery
 g - a ring of see invisible (left hand)
 C - the amulet of Zump (around neck) {+Rage +Inv rElec rF- Dex+8}
   (You found it on level 7 of the Dungeon)

   [amulet of rage]

   It affects your dexterity (+8).
   It makes you vulnerable to fire.
   It insulates you from electricity.
   It lets you turn invisible.
   It lets you go berserk.
 E - an uncursed amulet of regeneration {unknown}
Wands
 y - a wand of acid (13)
 A - a wand of random effects (14)
 B - a wand of clouds (3)
Scrolls
 c - 4 scrolls of remove curse {unknown}
 h - 3 scrolls of teleportation {unknown}
 n - 4 scrolls of enchant weapon {unknown}
 p - 4 scrolls of noise {unknown}
 q - 7 scrolls of identify {unknown}
 r - a scroll of amnesia {unknown}
 s - a scroll of immolation {unknown}
 t - 3 scrolls of random uselessness {unknown}
Potions
 b - a potion of might
 k - a potion of flight
 m - 3 potions of curing
 u - a potion of invisibility {unknown}
 v - 2 potions of magic {unknown}
 x - a potion of agility
 z - a potion of degeneration {unknown}
 D - 2 potions of brilliance
Comestibles
 d - 7 chunks of flesh
 f - 15 rations


   Skills:
 * Level 7.5 Fighting
 + Level 8.5 Axes
 * Level 7.5 Armour
 * Level 4.2 Dodging
 * Level 10.2 Shields


You had 9 spell levels left.
You didn't know any spells.
Your spell library was empty.

Dungeon Overview and Level Annotations

Branches:
Dungeon (8/15)             Temple (1/1) D:5         Ossuary (visited)
   Lair: D:8-11

Altars:
Ashenzari
Cheibriados
Dithmenos
Elyvilon
Fedhas
Gozag
Hepliaklqana
Kikubaaqudgha
Makhleb
Nemelex Xobeh
Okawaru
Ru
Sif Muna
Trog
Uskayaw
Vehumet
Wu Jian
Xom
Yredelemnul
Zin
The Shining One

Shops:
D:8 %

Annotations:
D:4 1 runed translucent door, Fimbulvetr's ghost, novice DsFE


Message History

j - +0 steam dragon scales You slash the orc warrior!
The orc warrior is moderately wounded.
The orc warrior hits you with a +0 scimitar!
You hit the orc warrior but do no damage.
The orc warrior is moderately wounded.
The orc warrior closely misses you.
You hit the orc warrior.
The orc warrior is heavily wounded.
The orc warrior hits you with a +0 scimitar!
* * * LOW HITPOINT WARNING * * *
You hit the orc warrior.
The orc warrior is heavily wounded.
The orc warrior hits you with a +0 scimitar.
* * * LOW HITPOINT WARNING * * *
You hit the orc warrior but do no damage.
The orc warrior is heavily wounded.
An orc comes into view. It is wielding a +0 war axe.
The orc warrior hits you with a +0 scimitar!
You die...

#.... +....# ###+# #....# #...#
#....# #...# #..D.. #...#
#...ยง#####+##...######## ...o
#....##....##...<....... ..o.
#.........)............. ..$..
#....##@................
.....########o).............##
.....o..o...................##
...........o.................#
....>......##....##..........#
....##....########..........#
##########..........#....####'###
+........'..........#....##....##
##......##....##....#............


You could see an orc warrior and an orc.

Vanquished Creatures
  A two-headed ogre (D:8)
  A wyvern (D:8)
  2 wraiths (Ossuary)
  A steam dragon (D:8)
  4 ice beasts
  A hornet zombie (D:6)
  An orc warrior (D:5)
  A phantom (D:7)
  2 ogres
  A crocodile (D:8)
  Blork the orc (D:5)
  7 bullfrogs
  2 scorpions
  5 killer bees
  7 wights
  5 crimson imps
  A bullfrog zombie (D:8)
  3 centaur zombies
  2 hounds (D:4)
  A jelly (D:8)
  A centaur skeleton (D:6)
  2 orc priests
  2 orc wizards
  Jessica (D:3)
  2 iguanas (D:6)
  Ijyb (D:3)
  4 worker ants
  A howler monkey zombie (D:8)
  A worker ant zombie (D:6)
  6 adders
  A shadow imp (D:6)
  An adder zombie (Ossuary)
  An adder skeleton (D:4)
  2 worms (D:3)
  A dart slug (D:2)
  4 leopard geckos
  20 orcs
  3 giant cockroaches
  10 hobgoblins
  6 jackals
  2 quokkas (D:6)
  A ball python skeleton (Ossuary)
  A bat (D:1)
  5 frilled lizards
  6 goblins
  A hobgoblin skeleton (Ossuary)
  A jackal skeleton (D:5)
  11 kobolds
  2 kobold zombies (Ossuary)
  2 leopard gecko skeletons
  An orc skeleton (Ossuary)
  An orc zombie (Ossuary)
  3 rats
  A spectral orc (D:7)
157 creatures vanquished.

Notes
Turn   | Place    | Note
-------+----------+-------------------------------------------
     0 | D:1      | Error4North the Hill Orc Fighter began the quest for the
                  | Orb.
     0 | D:1      | Reached XP level 1. HP: 19/19 MP: 1/1
   318 | D:1      | Reached XP level 2. HP: 25/27 MP: 2/2
   701 | D:2      | Reached XP level 3. HP: 33/33 MP: 3/3
   859 | D:2      | Found a blossoming altar of Fedhas.
   869 | D:2      | Reached skill level 4 in Shields
  1361 | D:2      | Reached XP level 4. HP: 39/40 MP: 4/4
  1493 | D:3      | Found a shimmering altar of Xom.
  1493 | D:3      | Found a shimmering altar of Xom.
  1493 | D:3      | Found a shimmering altar of Xom.
  1496 | D:3      | Found a shimmering altar of Xom.
  1496 | D:3      | Found a shimmering altar of Xom.
  1604 | D:3      | Noticed Ijyb
  1639 | D:3      | Killed Ijyb
  1666 | D:3      | Noticed Jessica
  1677 | D:3      | Killed Jessica
  1677 | D:3      | Reached skill level 1 in Dodging
  1677 | D:3      | Reached XP level 5. HP: 41/47 MP: 5/5
  1910 | D:3      | Found a white marble altar of Elyvilon.
  2120 | D:4      | Reached skill level 5 in Shields
  2120 | D:4      | Reached XP level 6. HP: 39/53 MP: 6/6
  2536 | D:4      | Noticed Fimbulvetr's ghost (novice DsFE)
  2538 | D:4      | Found the +3 Elemental Staff {rElec rF++ rC++ MR++ AC+5}
  2539 | D:4      | Found a runed translucent door.
  3185 | D:5      | Entered Level 5 of the Dungeon
  3329 | D:5      | Noticed Blork the orc
  3345 | D:5      | Killed Blork the orc
  3345 | D:5      | Reached skill level 5 in Fighting
  3379 | D:5      | Found a staircase to the Ecumenical Temple.
  3386 | Temple   | Entered the Ecumenical Temple
  3636 | D:5      | Reached XP level 7. HP: 51/61 MP: 7/7
  3717 | D:5      | Reached skill level 6 in Shields
  4072 | D:5      | Reached skill level 5 in Axes
  4072 | D:5      | Reached skill level 5 in Armour
  4233 | D:5      | Reached XP level 8. HP: 46/69 MP: 8/8
  4538 | D:6      | Reached skill level 7 in Shields
  4569 | D:6      | Found a snail-covered altar of Cheibriados.
  4569 | D:6      | Found a hide-covered altar of Uskayaw.
  4768 | D:6      | Found a sand-covered staircase.
  4928 | D:6      | Found an iron altar of Okawaru.
  4951 | Ossuary  | Entered an ossuary
  5310 | Ossuary  | Noticed a flying skull
  5310 | Ossuary  | Noticed a wraith
  5343 | Ossuary  | Noticed a flying skull
  5367 | Ossuary  | Noticed a flying skull
  5373 | Ossuary  | Noticed a wraith
  5388 | Ossuary  | Killed a wraith
  5394 | Ossuary  | Noticed a flying skull
  5419 | Ossuary  | Noticed a wraith
  5443 | Ossuary  | Killed a wraith
  5443 | Ossuary  | Reached skill level 8 in Shields
  5443 | Ossuary  | Reached XP level 9. HP: 40/78 MP: 9/9
  5801 | D:6      | Found an opulent altar of Gozag.
  6456 | D:7      | Got a warped steel amulet
  6636 | D:7      | Reached skill level 9 in Shields
  6737 | D:7      | Identified the amulet of Zump {+Rage +Inv rElec rF- Dex+8}
                  | (You found it on level 7 of the Dungeon)
  6882 | D:7      | Found a radiant altar of Vehumet.
  6885 | D:7      | Found a sparkling altar of Nemelex Xobeh.
  6888 | D:7      | Found a shattered altar of Ashenzari.
  7014 | D:7      | Found a basalt altar of Yredelemnul.
  7180 | D:8      | Noticed a two-headed ogre
  7669 | D:8      | Killed a two-headed ogre
  7669 | D:8      | Reached skill level 10 in Shields
  7669 | D:8      | Reached XP level 10. HP: 15/86 MP: 10/10
  8183 | D:8      | Found Ivicul's Food Shop.
  8237 | D:8      | Slain by an orc warrior

Levels and vault maps discovered:
D:1:      saegor_arrival_under_anarchy, layout_rooms
D:2:      layout_basic, old_standard_altar
D:3:      layout_basic, xom_redecorated, elyvilon_altar_5, first_ration,
          uniq_ijyb, uniq_jessica
D:4:      layout_basic, hellmonk_ghost_happy_afterlife
D:5:      layout_cave_pods, minmay_temple_entry_purple_smoke, uniq_blork_the_orc
D:6:      layout_loops_corners, minitemple, gammafunk_temple_overflow_pools,
          nicolae_ossuary_entry_false_entrances, minmay_misc_feat_nine_boxes,
          serial_bayou_pond_b, st_stairs_13
D:7:      layout_loops_ring, yredelemnul_forgotten_temple_becter,
          grunt_temple_overflow_diamond, grunt_ogre_cave
D:8:      layout_gridville, serial_shops, shop
Temple:   eino_wide_crystal_templ

Skill      XL: |  1  2  3  4  5  6  7  8  9 |
---------------+----------------------------+-----
Fighting       | 4 5 6 7 |  7.5
Axes           | 3 4 5 7 8 |  8.5
Shields        | 4 5 6 8 10 | 10.2
Dodging        | 1 2 3 4 |  4.2
Armour         | 4 5 6 7 |  7.5

Action                   |  1- 3 |  4- 6 |  7- 9 | 10-12 || total
-------------------------+-------+-------+-------+-------++-------
Melee: War axe           |   147 |   178 |   442 |    44 ||   811
  Use: Potion            |       |     1 |    11 |       ||    12
  Eat: Chunk             |     1 |     4 |     7 |       ||    12
       Ration            |       |     1 |     2 |     1 ||     4
Armor: Scale mail        |    96 |    81 |     4 |       ||   181
       Chain mail        |       |       |   134 |    19 ||   153
       Skin              |       |       |     2 |       ||     2
Dodge: Dodged            |    25 |    42 |    75 |     6 ||   148
Block: Tower shield      |   127 |   159 |   412 |    36 ||   734
       Kite shield       |     2 |       |       |       ||     2

Table legend:
 A = Non-vault XP
 B = Vault XP
 C = Vault XP percentage of total XP
 D = Non-vault monster count
 E = Vault monster count
 F = Vault count percentage of total count
                 A         B        C        D         E       F
            +---------+---------+-------+---------+---------+-------
      Total |    4814 |    1066 |  18.1 |     137 |      20 |  12.7
            +---------+---------+-------+---------+---------+-------
        D:1 |      26 |       0 |   0.0 |      15 |       0 |   0.0
        D:2 |      57 |       0 |   0.0 |      18 |       0 |   0.0
        D:3 |      43 |      73 |  62.9 |      20 |       2 |   9.1
        D:4 |     305 |       0 |   0.0 |      14 |       0 |   0.0
        D:5 |     708 |      99 |  12.3 |      13 |       1 |   7.1
        D:6 |    1227 |     104 |   7.8 |      29 |       2 |   6.5
        D:7 |     681 |     122 |  15.2 |      15 |       2 |  11.8
        D:8 |    1767 |       0 |   0.0 |      13 |       0 |   0.0
    Ossuary |       0 |     668 | 100.0 |       0 |      13 | 100.0
            +---------+---------+-------+---------+---------+-------
